AoeStats
← Yuli

Arabia

505729033Analyzed
2v2 RM · 23d ago on Sep 10, 2026· 52m 55s· 4 players
Game mode
Random Map
Map size
Medium (4 player)
Population
200
Speed
Normal
Resources
Standard
Victory
Conquest
Starting age
Dark Age
Ending age
Imperial Age
RankedLock teamsTeams togetherTeam positionsShared explorationLock speedFull tech treeHidden civsTurbo modeCheats
Victory
Defeat
🇦🇷 Hindustanis · Argentina
911
+16
🇨🇦 Byzantines · Canada
825
+24
🇲🇽 Celts · Mexico
1027
-62
🇲🇽 Khmer · Mexico
796
-13
Yuli
7:16 Loom
10:56 Feudal Age
23:24 Double-Bit Axe
31:03 Castle Age
Harkcost
8:56 Loom
10:42 Feudal Age
15:02 Castle Age
14:25 Double-Bit Axe
26:05 Horse Collar
38:12 Gold Mining
42:47 Gold Shaft Mining
46:54 Imperial Age
45:04 Wheelbarrow
48:37 Double Crossbow
48:59 Conscription
sebastianguanabens
12:34 Feudal Age
15:09 Man-at-Arms
15:37 Arson
16:54 Loom
24:16 Castle Age
23:08 Double-Bit Axe
24:44 Pikeman
25:24 Squires
26:36 Pikeman
27:02 Gambesons
29:34 Gold Mining
33:29 Light Cavalry
39:50 Bow Saw
44:36 Wheelbarrow
44:00 Stone Mining
44:46 Gold Shaft Mining
44:22 Horse Collar
48:49 Imperial Age
46:02 Long Swordsman
46:43 Squires
47:16 Heavy Plow
47:37 Murder Holes
48:46 Ballistics
48:46 Husbandry
49:48 Forging
49:44 Scale Barding Armor
49:41 Elite Skirmisher
52:10 Chemistry
51:01 Halberdier
53:15 Conscription
Rhomanofk
5:04 Loom
9:44 Feudal Age
10:20 Double-Bit Axe
11:40 Horse Collar
15:51 Forging
21:34 Castle Age
20:31 Bloodlines
21:13 Scale Barding Armor
22:17 Wheelbarrow
22:33 Bow Saw
22:25 Light Cavalry
23:50 Town Watch
24:28 Husbandry
26:23 Fletching
26:59 Heavy Plow
28:24 Iron Casting
28:47 Chain Barding Armor
29:10 Bodkin Arrow
30:01 Padded Archer Armor
30:54 Scale Mail Armor
31:57 Hand Cart
33:07 Town Patrol
33:42 Leather Archer Armor
34:35 Ballistics
34:45 Thumb Ring
34:55 Gold Mining
34:56 Stone Mining
36:05 Chain Mail Armor
39:30 Imperial Age
37:30 Masonry
38:27 Grand Trunk Road
38:28 Murder Holes
41:40 Two-Man Saw
40:16 Heavy Cavalry Archer
41:15 Bracer
42:36 Chemistry
42:09 Ring Archer Armor
43:02 Plate Barding Armor
42:57 Conscription
44:31 Shatagni
45:07 Hoardings
45:40 Hussar
48:37 Caravan
51:21 Elite Ghulam
52:18 Siege Elephant
Connection lost

Rejoining the realm…

Still unreachable

The connection could not be restored.

Session expired

The server has moved on; the page needs a fresh start.